 Dungeon Crawl Stone Soup version 0.18.1-6-gd335043 (webtiles) character file.

16 jacquesderrida the Charmwright (level 2, -1/22 HPs)
             Began as a Demonspawn Skald on May 19, 2016.
             Slain by a hobgoblin
             ... wielding a +0 club
              (4 damage)
             ... on level 1 of the Dungeon.
             The game lasted 00:00:30 (578 turns).

jacquesderrida the Charmwright (Demonspawn Skald)    Turns: 578, Time: 00:00:31

Health: -1/22      AC:  3    Str: 12    XL:     2   Next: 37%
Magic:  5/5        EV: 11    Int: 13    God:
Gold:   27         SH:  0    Dex: 12    Spells: 1 memorised, 4 levels left

rFire  . . .     SeeInvis .     a - +0 spear
rCold  . . .     Gourm    .     b - +0 leather armour
rNeg   . . .     Faith    .     (no shield)
rPois  .         Spirit   .     (helmet restricted)
rElec  .         Dismiss  .     (no cloak)
rCorr  .         Reflect  .     (no gloves)
SustAt .         Harm     .     (no boots)
MR     .....                    (no amulet)
Stlth  +.........               (no ring)
                                (no ring)

@: lethally poisoned (-1 -> -4), not resistant to hostile enchantments, very
unstealthy
A: antennae 1
a: no special abilities


You were on level 1 of the Dungeon.
You were not hungry.

You visited 1 branch of the dungeon, and saw 2 of its levels.

You collected 27 gold pieces.

Inventory:

Hand Weapons
 a - a +0 spear (weapon)
Armour
 b - a +0 leather armour (worn)
Scrolls
 f - a scroll of enchant armour {unknown}
 h - a scroll of noise {unknown}
 i - 2 scrolls of remove curse {unknown}
 k - a scroll of amnesia {unknown}
Potions
 g - 2 potions of degeneration {unknown}
 j - a potion of magic {unknown}
Books
 c - a book of Battle

   Spells                             Type                      Level
   a - Infusion                       Charms                       1
   b - Shroud of Golubria             Charms/Translocation         2
   c - Song of Slaying                Charms                       2
   d - Spectral Weapon                Hexes/Charms                 3
   e - Regeneration                   Charms/Necromancy            3
Comestibles
 d - 2 bread rations
 l - a beef jerky


   Skills:
 + Level 2.2 Fighting
 + Level 1.8 Polearms
 + Level 0.8 Armour
 + Level 1.0 Dodging
 + Level 2.1 Spellcasting
 + Level 3.1 Charms


You had 4 spell levels left.
You knew the following spells:

 Your Spells              Type           Power        Failure   Level  Hunger
a - Infusion              Chrm           #...         12%         1    ##.....


Dungeon Overview and Level Annotations

Branches:
Dungeon (2/15)

Altars:


Innate Abilities, Weirdness & Mutations

You have a pair of small antennae on your head.


Message History

You feel sick. The hobgoblin hits you with a club.
You barely miss the hobgoblin.
The hobgoblin is heavily wounded.
The hobgoblin closely misses you.
You closely miss the hobgoblin.
The hobgoblin is heavily wounded.
The hobgoblin closely misses you.
You barely miss the hobgoblin.
The hobgoblin is heavily wounded.
You hit the hobgoblin but do no damage.
The hobgoblin is heavily wounded.
You feel sick. The hobgoblin hits you with a club.
* * * LOW HITPOINT WARNING * * *
You hit the hobgoblin but do no damage.
The hobgoblin is heavily wounded.
The hobgoblin hits you but does no damage.
You barely miss the hobgoblin.
The hobgoblin is heavily wounded.
The hobgoblin hits you with a club.
You die...

##.#.#.>#####.........###
#...........+.........#
##.#.#....###.........#
#.#.#....# #.........#
#.#.#....###.........#
##.#.#....'...##.###### #
#....#....###.##.# ..
######....###.##.######..
#..@.....##.........
###g................
#.#######.........
#######.# #.........
#.......# ##........
#.#####.# ......... #.#
#.# #.#####.. ##.#####.#
#.# ## #........# .# #.


You could see a hobgoblin.

Vanquished Creatures
  An adder (D:1)
  A giant cockroach (D:1)
  A goblin (D:1)
  A bat (D:1)
  A giant newt (D:1)
  3 kobolds (D:1)
  A rat (D:2)
9 creatures vanquished.

Notes
Turn   | Place    | Note
--------------------------------------------------------------
     0 | D:1      | jacquesderrida the Demonspawn Skald began the quest for the Orb.
     0 | D:1      | Reached XP level 1. HP: 16/16 MP: 3/3
   569 | D:1      | Reached skill level 1 in Dodging
   569 | D:1      | Reached skill level 3 in Charms
   569 | D:1      | Gained mutation: You have a pair of small antennae on your head. [demonic ancestry]
   569 | D:1      | Reached XP level 2. HP: 13/22 MP: 5/5
   578 | D:1      | Slain by a hobgoblin

Skill      XL: |  1 |
---------------+----+-----
Dodging        | 1 |  1.0
Charms         | 3 |  3.1
Fighting       | |  2.2
Polearms       | |  1.8
Armour         | |  0.8
Spellcasting   | |  2.1

Action                   || total
-------------------------++-------
Melee: Spear             ||    44
  Use: Potion            ||     1
Armor: Leather armour    ||    13
Dodge: Dodged            ||    28
